 Dungeon Crawl Stone Soup version 0.31-a0-486-g8d68a81214 (webtiles) character file.

Game seed: 15407878612868718641

4814 Lorrdernie the Cleaver (level 10, -16/74 HPs)
             Began as a Minotaur Gladiator on Aug 7, 2023.
             Was a Priest of Okawaru.
             Demolished by an orc warlord
             ... wielding a +7 broad axe
              (20 damage)
             ... in a bailey.
             The game lasted 00:12:56 (7679 turns).

Lorrdernie the Cleaver (Minotaur Gladiator)         Turns: 7679, Time: 00:12:57

Health: -16/74     AC: 12    Str: 26    XL:     10   Next: 24%
Magic:  11/12      EV: 17    Int:  9    God:    Okawaru [***...]
Gold:   434        SH:  5    Dex: 11    Spells: 9/9 levels left

rFire   . . .        H - +0 battleaxe
rCold   . . .        (shield currently unavailable)
rNeg    . . .        o - +0 scale mail
rPois   .            A - +0 hat
rElec   .            F - +0 cloak
rCorr   .            N - +2 pair of gloves
SInv    .            (no boots)
Will    .....        g - amulet of reflection
Stlth   x              - +5 ring of evasion
HPRegen 0.32/turn    O - +6 ring of strength
MPRegen 0.13/turn

%: reflection
@: invisible
A: horns 2, retaliatory headbutt
a: Renounce Religion, Heroism


You were in a bailey.
You worshipped Okawaru.
Okawaru was most pleased with you.
You visited 2 branches of the dungeon, and saw 9 of its levels.
You also visited: Sewer and Bailey.

You collected 434 gold pieces.

Inventory:

Hand Weapons
 a - a +1 war axe
 c - a +4 hand axe
 H - a +0 battleaxe (weapon)
Missiles
 d - 2 throwing nets
 e - a javelin
 s - 4 boomerangs
 y - 4 atropa-tipped darts
 M - 6 curare-tipped darts (quivered)
 P - 3 poisoned darts
Armour
 b - a +0 leather armour
 o - a +0 scale mail (worn)
 A - a +0 hat (worn)
 F - a +0 cloak (worn)
 N - a +2 pair of gloves (worn)
Jewellery
 g - an amulet of reflection (around neck)
 i - a +6 ring of dexterity
 j - a ring of ice
 w - an amulet of magic regeneration
 x - a +5 ring of evasion (left hand)
 K - a +6 ring of intelligence
 O - a +6 ring of strength (right hand)
Wands
 B - a wand of light (14)
 I - a wand of flame (28)
 L - a wand of paralysis (3)
Scrolls
 f - 2 scrolls of identify
 k - 8 scrolls of teleportation
 C - a scroll of blinking
 D - a scroll of enchant armour {unknown}
 E - a scroll of brand weapon {unknown}
 G - 2 scrolls of poison {unknown}
 J - a scroll of fog {unknown}
 Q - a scroll of enchant weapon
 R - a scroll of fear {unknown}
Potions
 h - 2 potions of attraction
 m - 5 potions of lignification
 n - a potion of brilliance {unknown}
 p - 3 potions of curing
 q - a potion of degeneration {unknown}
 r - a potion of cancellation {unknown}
 t - 4 potions of enlightenment
 u - 2 potions of might {unknown}
 v - 4 potions of mutation {unknown}
 z - 3 potions of ambrosia
 S - a potion of magic {unknown}


   Skills:
 - Level 2.4 Fighting
 * Level 14.5 Axes
 + Level 4.5 Throwing
 + Level 5.8 Armour
 + Level 6.3 Dodging
 - Level 4.0 Invocations


You had 9 spell levels left.
You didn't know any spells.
Your spell library contained the following spells:

 Spells                   Type           Power      Damage    Failure   Level
 Slow                     Hex            0%         N/A       65%         1
 Static Discharge         Conj/Air       0%         2-2/arc   78%         2
 Wereblood                Tmut           0%         N/A       78%         2
 Confusing Touch          Hex            0%         N/A       95%         3
 Vampiric Draining        Necr           0%         2d6       95%         3
 Airstrike                Air            0%         2d(0-16)  100%        4
 Irradiate                Conj/Tmut      0%         3d11      100%        5
 Summon Small Mammal      Summ           Unusable   N/A       N/A         1
 Call Canine Familiar     Summ           Unusable   N/A       N/A         3
 Summon Guardian Golem    Hex/Summ       Unusable   N/A       N/A         3
 Summon Lightning Spire   Summ/Air       Unusable   N/A       N/A         4

Dungeon Overview and Level Annotations

Branches:
Dungeon (8/15)             Temple (1/1) D:5            Lair (0/5) D:8
  Sewer (visited)          Bailey (1/1)

Altars:
Ashenzari
Cheibriados
Dithmenos
Elyvilon
Fedhas
Gozag
Kikubaaqudgha
Nemelex Xobeh
Okawaru
Qazlal
Ru
Sif Muna
Trog
Uskayaw
Wu Jian
Xom
Yredelemnul
Zin


Innate Abilities, Weirdness & Mutations

You have a pair of horns on your head.
You reflexively headbutt those who attack you in melee.


Message History

You fade into invisibility!
The orc warrior closely misses you.
Unknown command.
You closely miss the orc warrior. You headbutt the orc warrior!
The orc warrior is moderately wounded.
The orc warrior hits you with a +0 war axe!
You strike the helpless orc warrior from behind!
You slash the orc warrior!
You headbutt the orc warrior, but do no damage.
The orc warrior is severely wounded.
You slice the orc warrior!!
You kill the orc warrior!
Okawaru accepts your kill.
You barely miss the orc warrior.
You feel like a meek peon again. The orc warrior misses you.
You closely miss the orc warrior.
You strike the helpless orc warlord from behind!
You slash the orc warlord!
The orc warlord is lightly wounded.
Throw: 7 darts (curare)
Press: ? - help, Q - select action, (/) - cycle Shift-Dir - straight line, f - orc warlord
Aim: an orc warlord, wielding a +7 broad axe and wearing a +0 plate armour (lightly wounded, unable to see you, 68% to hit)
You throw a curare-tipped dart.
The curare-tipped dart hits the orc warlord.
The orc warlord is poisoned.
The orc warlord convulses.
The orc warlord seems to slow down.
The orc warlord is lightly wounded.
Unknown command.
You catch the helpless orc warlord completely off-guard!
You hit the orc warlord. Your headbutt misses the orc warlord.
The orc warlord is moderately wounded.
The orc warrior no longer looks unusually strong.
The orc warlord hits you with a +7 broad axe!!
* * * LOW HITPOINT WARNING * * *
You closely miss the orc warlord.
You headbutt the orc warlord, but do no damage.
The orc warlord is moderately wounded.
The orc warlord hits you with a +7 broad axe!!
You die...

.........#.).........#
.).......#...........#
).......###.........###
#.....###.###.....#'#.###
###.###
...###.###))...### ..###
.... ###.........## ...#
..... #8.........?# ...#
....gg#8..........# ...#
...oooo@....⌠....∩# ...#
....og#8..........# ...#
..... #8..........# ..###
.... ###.........##
###.###
...###.###.....###
#.....###.###.....#'#.###
........###.......))###
.........#...........#
.........#...........#


You could see an orc warlord (unable to see you, very poisoned, slow), 3 orc
warriors, an orc (strong, unable to see you), a hobgoblin (unable to see you)
and 2 goblins.

Vanquished Creatures
  A deep elf pyromancer (D:7)
  A troll (D:7)
  Prince Ribbit (D:7)
  A wyvern (D:8)
  A steam dragon (D:7)
  A water moccasin (D:6)
  4 ice beasts
  4 orc warriors (Bailey)
  A black bear (D:7)
  3 ogres
  3 centaurs
  A phantom (D:4)
  A kobold brigand (D:6)
  Blork the orc (D:4)
  A gnoll sergeant (D:7)
  4 bullfrogs
  4 scorpions
  6 wights
  5 killer bees (D:8)
  A vampire bat (D:6)
  3 howler monkeys (D:7)
  2 jellies
  3 hounds
  2 orc priests (D:6)
  Crazy Yiuf (D:5)
  5 iguanas
  2 sleepcaps (D:7)
  Natasha (twice) (D:4)
  An orc wizard (D:6)
  A malarious merfolk avatar (Sewer)
  A sickly merfolk siren (Sewer)
  4 gnolls (Bailey)
  16 adders
  A river rat (Sewer)
  A shadow imp (D:7)
  2 worms
  2 dart slugs
  26 orcs
  2 bat skeletons (D:6)
  4 bat zombies (D:6)
  7 endoplasms
  6 giant cockroaches
  20 goblins
  16 hobgoblins
  3 jackals (D:5)
  A quokka (D:2)
  7 ball pythons
  7 bats
  6 frilled lizards
  11 kobolds
  31 rats
241 creatures vanquished.

Notes
Turn   | Place    | Note
-------+----------+-------------------------------------------
     0 | D:1      | Lorrdernie the Minotaur Gladiator began the quest for the
                  | Orb.
     0 | D:1      | Reached XP level 1. HP: 18/18 MP: 0/0
    78 | D:1      | Reached skill level 4 in Axes
   205 | D:1      | Reached XP level 2. HP: 19/25 MP: 1/1
   699 | D:2      | Reached skill level 5 in Axes
   715 | D:2      | Reached XP level 3. HP: 19/30 MP: 2/2
   892 | D:2      | Found a faded altar of an unknown god.
  1406 | D:2      | Reached XP level 4. HP: 37/37 MP: 3/3
  1407 | D:2      | Reached skill level 6 in Axes
  2409 | D:4      | Noticed Blork the orc
  2417 | D:4      | Killed Blork the orc
  2418 | D:4      | Reached skill level 7 in Axes
  2418 | D:4      | Reached XP level 5. HP: 24/42 MP: 4/4
  2609 | D:4      | Reached skill level 8 in Axes
  2632 | D:4      | Reached XP level 6. HP: 50/50 MP: 5/5
  2733 | D:4      | Reached skill level 9 in Axes
  2847 | D:4      | Noticed Natasha
  2859 | D:4      | Killed Natasha
  2933 | D:4      | Reached XP level 7. HP: 34/56 MP: 6/6
  3043 | D:4      | Noticed Natasha
  3051 | D:4      | Killed Natasha
  3181 | D:4      | Reached skill level 10 in Axes
  3284 | D:5      | Entered Level 5 of the Dungeon
  3394 | D:5      | Found a staircase to the Ecumenical Temple.
  3404 | Temple   | Entered the Ecumenical Temple
  3422 | Temple   | Became a worshipper of Warmaster Okawaru
  3519 | D:5      | Found a glowing drain.
  3529 | Sewer    | Entered a sewer
  3638 | Sewer    | Reached skill level 11 in Axes
  4193 | D:5      | Reached XP level 8. HP: 60/62 MP: 7/7
  4271 | D:5      | Found a runed translucent door.
  4272 | D:5      | Noticed Crazy Yiuf
  4281 | D:5      | Killed Crazy Yiuf
  4370 | D:5      | Reached skill level 12 in Axes
  4783 | D:6      | Reached skill level 1 in Armour
  4801 | D:6      | Reached * piety under Okawaru
  4802 | D:6      | Reached skill level 1 in Invocations
  5323 | D:6      | Found an ancient bone altar of Kikubaaqudgha.
  5717 | D:7      | Reached XP level 9. HP: 51/68 MP: 8/10
  5789 | D:7      | Noticed Prince Ribbit
  5794 | D:7      | Reached skill level 13 in Axes
  5798 | D:7      | Reached ** piety under Okawaru
  5802 | D:7      | Killed Prince Ribbit
  5807 | D:7      | Reached skill level 5 in Dodging
  6044 | D:7      | Noticed a troll
  6049 | D:7      | Killed a troll
  6079 | D:7      | Noticed a deep elf pyromancer
  6098 | D:7      | Killed a deep elf pyromancer
  6098 | D:7      | Reached *** piety under Okawaru
  6348 | D:7      | Reached skill level 5 in Armour
  6351 | D:7      | Reached skill level 14 in Axes
  6504 | D:7      | Reached XP level 10. HP: 71/74 MP: 12/12
  7025 | D:7      | Found a shimmering altar of Xom.
  7433 | D:8      | Found a flagged portal.
  7458 | Bailey   | Entered a bailey
  7661 | Bailey   | Noticed an orc warlord
  7679 | Bailey   | Demolished by an orc warlord

Illustrated notes

Levels and vault maps discovered:
D:1:      psy_arrival_dodecagon, layout_loops_ring
D:2:      layout_loops_ring, basic_ecumenical_altar
D:3:      wad_pebble_path, layout_basic
D:4:      layout_basic, chequers_avenue, uniq_blork_the_orc, uniq_natasha
D:5:      layout_cave_pods, minmay_temple_entry_offerings,
          gup_sewer_entry_bubbles, uniq_crazy_yiuf_cottage
D:6:      layout_loops_ring, kennysheep_vampire_church
D:7:      minmay_clustersquares, layout_loops_corners, tgw_xom,
          chequers_big_river, uniq_prince_ribbit1
D:8:      layout_loops_ring, minitemple, david_lair_generic, serial_shops,
          nicolae_shop_stone, enter_bailey_4
Temple:   nicolae_temple_elliptical
Bailey:   bailey_axe_minmay_hex_keep, bailey

Skill      XL: |  1  2  3  4  5  6  7  8  9 |
---------------+----------------------------+-----
Axes           | 4 5 7 8 9 11 12 14 | 14.5
Armour         | 3 5 |  5.8
Invocations    | 2 4 |  4.0
Dodging        | 4 6 |  6.3
Throwing       | 4 |  4.5
Fighting       | |  2.4

Action                     |  1- 3 |  4- 6 |  7- 9 | 10-12 || total
---------------------------+-------+-------+-------+-------++-------
  Melee: War axe           |    63 |    56 |   137 |       ||   256
         Headbutt          |     9 |    17 |    46 |    14 ||    86
         Punch             |     1 |       |     4 |       ||     5
         Hand axe          |       |    23 |    20 |       ||    43
         Battleaxe         |       |       |   155 |    87 ||   242
  Throw: Throwing net      |       |     1 |       |       ||     1
         Dart              |       |       |       |     1 ||     1
 Invoke: Heroism           |       |       |       |     1 ||     1
    Use: Scroll            |       |       |    11 |     3 ||    14
         Potion            |       |       |     1 |     1 ||     2
   Stab: Sleeping          |     1 |       |       |       ||     1
         Invisible         |       |       |       |     3 ||     3
 Armour: Leather armour    |    11 |       |       |       ||    11
         Scale mail        |    19 |    23 |    82 |    17 ||   141
  Dodge: Dodged            |    30 |    29 |   149 |    60 ||   268
  Block: Other             |       |       |    51 |    14 ||    65
         Reflection        |       |       |     1 |       ||     1

Table legend: (Time is in decaauts)
 A = Elapsed time spent in this place.
 B = Non-inter-level travel time spent in this place.
 C = Inter-level travel time spent in this place.
 D = Time resting spent in this place.
 E = Time spent auto-exploring this place.
 F = Levels seen in this place.
 G = Mean time per level.
                   A        B        C        D        E       F      G
               +--------+--------+--------+--------+--------+-----+--------+
         Total |   7785 |   7411 |    374 |    824 |   5079 |  11 |  707.7 |
       Dungeon |   7081 |   6742 |    339 |    824 |   4762 |   8 |  885.1 |
        Temple |     36 |      2 |     34 |      0 |      0 |   1 |   36.0 |
         Sewer |    449 |    449 |      0 |      0 |    202 |   1 |  449.0 |
        Bailey |    216 |    216 |      0 |      0 |    115 |   1 |  216.0 |
               +--------+--------+--------+--------+--------+-----+--------+

Top non-repeatable levels by time:
     D:7: 1573 daAuts
     D:4: 1108 daAuts
     D:5: 1082 daAuts
     D:6: 987 daAuts
     D:2: 883 daAuts
     D:1: 664 daAuts
     D:3: 644 daAuts
   Sewer: 449 daAuts
  Bailey: 216 daAuts
     D:8: 137 daAuts
  Temple: 36 daAuts
